 Dungeon Crawl Stone Soup version 0.24-a0-365-ga4d96b6e6e (webtiles) character file.

Game seed: 8253498516091965335

74 theanonym the Insei (level 4, -1/28 HPs)
             Began as an Octopode Transmuter on May 27, 2019.
             Slain by a goblin (3 damage)
             ... led by Robin
             ... on level 2 of the Dungeon.
             The game lasted 00:02:05 (1841 turns).

theanonym the Insei (Octopode Transmuter)           Turns: 1841, Time: 00:02:05

Health: -1/28      AC: -2    Str:  9    XL:     4   Next: 30%
Magic:  7/7        EV: 13    Int: 16    God:
Gold:   89         SH:  0    Dex: 12    Spells: 6/7 levels left

rFire    . . .     SeeInvis .     - Unarmed
rCold    . . .     Gourm    .   (no shield)
rNeg     . . .     Faith    .   (helmet restricted)
rPois    .         Spirit   .   (no amulet)
rElec    .         Reflect  .   h - -3 ring of protection (curse)
rCorr    .         Harm     .   (no ring)
MR       .....                  (no ring)
Stlth    ++........             (no ring)
HPRegen  0.09/turn              (no ring)
MPRegen  0.10/turn              (no ring)
                                (no ring)
                                (no ring)

@: lightly drained
A: almost no armour, stealthy swim, amphibious, 8 rings, constrict 8, camouflage
1, gelatinous body 1
a: no special abilities


Innate Abilities, Weirdness & Mutations

You cannot wear most types of armour.
You are very stealthy in the water. (Stealth+)
You are amphibious.
You can wear up to eight rings at the same time.
You can use your tentacles to constrict eight enemies at once.
Your skin changes colour to match your surroundings (Stealth+).
Your rubbery body absorbs attacks. (AC +1, EV +1)


   Skills:
 - Level 1.0(0.8) Fighting
 - Level 2.0(1.8) Dodging
 * Level 4.4(4.3) Unarmed Combat
 - Level 2.0(1.8) Spellcasting
 + Level 2.9(2.8) Transmutations


You had 6 spell levels left.
You knew the following spells:

 Your Spells              Type           Power        Failure   Level  Hunger
a - Beastly Appendage     Tmut           ##....       7%          1    ##.....

Your spell library contained the following spells:

 Spells                   Type           Power        Failure   Level  Hunger
 Sticks to Snakes         Tmut           ##......     10%         2    ###....
 Spider Form              Tmut/Pois      #.........   34%         3    ####...
 Ice Form                 Ice/Tmut       #.......     75%         4    #####..
 Blade Hands              Tmut           ##........   88%         5    ######.

Skill      XL: |  1  2  3 |
---------------+----------+-----
Unarmed Combat | 4 |  4.4
Fighting       | |  1.0
Dodging        | |  2.0
Spellcasting   | |  2.0
Transmutations | |  2.9

Action                   |  1- 3 |  4- 6 || total
-------------------------+-------+-------++-------
Melee: Unarmed           |   100 |    15 ||   115
       Constrict         |    28 |     2 ||    30
       Tentacles         |    13 |     1 ||    14
       Kick              |     8 |     1 ||     9
 Cast: Beastly Appendage |     6 |     2 ||     8
  Use: Scroll            |     1 |       ||     1
 Stab: Sleeping          |     7 |     2 ||     9
       Distracted        |     1 |       ||     1
  Eat: Chunk             |     3 |       ||     3
Armor: Skin              |    11 |       ||    11
Dodge: Dodged            |    54 |    10 ||    64

Inventory:

Missiles
 a - 29 arrows
Jewellery
 h - a cursed -3 ring of protection (left tentacle)
Scrolls
 c - a scroll of amnesia
 j - a scroll of remove curse {unknown}
Potions
 d - a potion of berserk rage {unknown}
 f - a potion of brilliance {unknown}
 g - a potion of curing {unknown}
 i - a potion of flight {unknown}
 q - 2 potions of heal wounds
Comestibles
 b - 3 chunks of flesh
 e - 5 rations


You were on level 2 of the Dungeon.
You were not hungry.

You visited 1 branch of the dungeon, and saw 2 of its levels.

You collected 89 gold pieces.

Dungeon Overview and Level Annotations

Branches:
Dungeon (2/15)

Altars:

Annotations:
D:2 Sigmund

#. #######........#
#.#..............#
#........g......#
#..)...........######
####........g..§.÷.....#
.........g.g.......^..##
..#####).#....g.>..#..#
#..#...gg....[..#
#g##....@g..#.###
..........###.# ..
....#####..#...######.#
g##...####.##.###......##
.......................#
#.###.....#.####........
.....#...#.# #.......#
#####.......#.####.......#
...............<...)†.....###


You could see 4 hobgoblins and 4 goblins.

Notes
Turn   | Place    | Note
-------+----------+-------------------------------------------
     0 | D:1      | theanonym the Octopode Transmuter began the quest for the
                  | Orb.
     0 | D:1      | Reached XP level 1. HP: 13/13 MP: 3/3
   130 | D:1      | Reached XP level 2. HP: 18/18 MP: 5/5
   231 | D:1      | HP: 9/18 [goblin (2)]
   240 | D:1      | HP: 6/18 [jackal (3)]
   329 | D:1      | HP: 7/18 [jackal (2)]
   337 | D:1      | Reached XP level 3. HP: 9/23 MP: 4/6
   339 | D:1      | HP: 6/23 [jackal (3)]
   962 | D:1      | Reached skill level 4 in Unarmed Combat
   970 | D:1      | HP: 11/23 [jackal (1)]
   977 | D:1      | HP: 11/23 [jackal (1)]
  1522 | D:2      | Noticed Sigmund
  1726 | D:2      | Reached XP level 4. HP: 23/28 MP: 7/7
  1818 | D:2      | Noticed Robin
  1826 | D:2      | HP: 14/28 [Robin/+0 club (1)]
  1827 | D:2      | Killed Robin
  1830 | D:2      | HP: 4/28 [hobgoblin/+0 club[Robin] (7)]
  1840 | D:2      | HP: 3/28 [goblin/+0 club[Robin] (2)]
  1841 | D:2      | Slain by a goblin

Vanquished Creatures
  Robin (D:2)
  An ooze (D:1)
  2 leopard geckos
  A ball python (D:1)
  2 giant cockroaches
  7 goblins
  5 hobgoblins (D:1)
  12 jackals (D:1)
  A quokka (D:2)
  7 bats
  2 frilled lizards (D:1)
  4 kobolds
  8 rats
53 creatures vanquished.

Table legend:
 A = Turns spent in this place as a percentage of turns spent in the entire game.
 B = Non-inter-level travel turns spent in this place as a percentage of non-inter-level travel turns spent in the entire game.
 C = Inter-level travel turns spent in this place as a percentage of turns spent in this place.
 D = Turns resting spent in this place as a percentage of non-inter-level travel turns spent in this place.
 E = Turns spent auto-exploring this place as a percentage of non-inter-level travel turns spent in this place.
 F = Non-inter-level travel turns spent in this place divided by the number of levels of this place that you've seen.
                   A       B       C       D       E      F
               +-------+-------+-------+-------+-------+----------------------
         Total | 100.0 | 100.0 |   4.0 |  44.1 |  38.9 | 883.5
       Dungeon | 100.0 | 100.0 |   4.0 |  44.1 |  38.9 | 883.5
               +-------+-------+-------+-------+-------+----------------------
